 Dungeon Crawl Stone Soup version 0.29-a0-337-g68df138881 (webtiles) character file.

Game seed: 9260618231302017751

611957 Conn the Ruinous (level 27, -4/164 HPs)
             Began as an Octopode Fire Elementalist on Apr 9, 2022.
             Was a High Priest of Sif Muna.
             Slain by Zecahynia the pandemonium lord (39 damage)
             ... on level 18 of a ziggurat on Apr 17, 2022.
             The game lasted 10:01:00 (93110 turns).

Conn the Ruinous (Octopode Fire Elementalist)      Turns: 93110, Time: 10:01:01

Health: -4/164     AC: 19    Str:  8    XL:     27
Magic:  3/49       EV: 14    Int: 45    God:    Sif Muna [*****.]
Gold:   5556       SH: 18    Dex: 11    Spells: 3/70 levels left

rFire   + + +      SeeInvis .   b - staff of conjuration
rCold   + + +      Faith    .   z - +0 kite shield of Abstinence {rElec rF+ rN+ Dex-2}
rNeg    + + +      Spirit   .   j - +2 hat {Int+3}
rPois   +          Reflect  +   t - amulet "Tiklufodd" {Reflect rF++ SH+5}
rElec   +          Harm     .   M - +6 ring of intelligence
rCorr   +          Rampage  .   K - +4 ring of protection
Will    ++...                   k - ring of Tender Moments {EV+4 Int+7}
Stlth   ++++++....              I - ring of Myohy {*Corrode rPois rC+ rN++}
HPRegen 0.37/turn               u - ring "Cetiycra" {rF+ rC++ AC+4}
MPRegen 0.31/turn               l - ring of resist corrosion
                                G - ring of the Tortoise {AC+8}
                                O - ring of Ephemeral Luck {Fire rElec Str-2 Int+3 Slay+3}

@: vertiginous, channelling, studying 7 skills, invisible
A: almost no armour, amphibious, 8 rings, camouflage 1, gelatinous body 1,
(nimble swimmer 1), tentacles, cold resistance 1, weak 1
}: 3/15 runes: serpentine, barnacled, silver
a: Renounce Religion, Channel Magic, Forget Spell, Divine Exegesis


You were on level 18 of a ziggurat.
You worshipped Sif Muna.
Sif Muna was extremely pleased with you.
You visited 10 branches of the dungeon, and saw 45 of its levels.
You visited 1 ziggurat, and saw 18 of its levels.
You also visited: Trove, Bailey, Gauntlet and Wizlab.

You collected 11974 gold pieces.
You spent 6418 gold pieces at shops.

Inventory:

Hand Weapons
 a - a +9 dagger of protection
 e - the +7 great mace "Firestarter" {inner flame, rF++}
   (You bought it in a shop on level 10 of the Dungeon)

   It burns those it strikes, dealing additional fire damage.
   It fills those it strikes with an explosive inner flame.
   It grants immunity to clouds of flame.
   rF:        It greatly protects you from fire.
 S - the +5 demon whip of the Ghosts {elec, SInv}
   (You took it off a deep elf zephyrmancer on level 3 of the Elven Halls)

   It occasionally discharges a powerful burst of electricity upon striking a
   foe.
   SInv:      It lets you see invisible.
 V - the +9 triple sword of Mecufaob {vorpal, rF+ rC- MP+9 Int+9}
   (You found it on level 17 of a ziggurat)

   It inflicts extra damage upon your enemies.
   Int:       It affects your intelligence (+9).
   rF:        It protects you from fire.
   rC:        It makes you vulnerable to cold.
   MP:        It affects your magic capacity (+9).
Missiles
 y - 5 curare-tipped darts (quivered)
Armour
 j - a +2 hat of intelligence (worn)
 z - the +0 kite shield of Abstinence (worn) {rElec rF+ rN+ Dex-2}
   (You acquired it in a bailey)

   Dex:       It affects your dexterity (-2).
   rF:        It protects you from fire.
   rElec:     It insulates you from electricity.
   rN:        It protects you from negative energy.
 T - the +4 hat of Bivvoomi {rF+}
   (You found it on level 1 of the Snake Pit)

   rF:        It protects you from fire.
Magical Staves
 b - a staff of conjuration (weapon)
Jewellery
 k - the ring of Tender Moments (on tentacle) {EV+4 Int+7}
   (You found it on level 15 of a ziggurat)

   [ring of evasion]

   EV:        It affects your evasion (+4).
   Int:       It affects your intelligence (+7).
 l - a ring of resist corrosion (on tentacle)
 n - the macabre finger necklace {rN+}
   (You found it on level 3 of the Depths)

   [amulet of nothing]

   It enables you to equip an extra ring.
   rN:        It protects you from negative energy.
 t - the amulet "Tiklufodd" (around mantle) {Reflect rF++ SH+5}
   (You took it off a deep elf sorcerer on level 3 of the Elven Halls)

   [amulet of reflection]

   It reflects blocked missile attacks.
   rF:        It greatly protects you from fire.
   SH:        It affects your SH (+5).
 u - the ring "Cetiycra" (on tentacle) {rF+ rC++ AC+4}
   (You found it on level 15 of a ziggurat)

   [ring of protection]

   AC:        It affects your AC (+4).
   rF:        It protects you from fire.
   rC:        It greatly protects you from cold.
 A - a ring of wizardry
 B - the ring of Shadows {Umbra +Inv Stlth+}
   (You found it on level 5 of the Dungeon)

   [ring of stealth]

   It surrounds you with an aura of shadow, increasing your stealth and reducing
   the accuracy of all others within it.
   +Inv:      It lets you turn invisible.
   Stlth:     It makes you more stealthy.
 G - the ring of the Tortoise (on tentacle) {AC+8}
   (You bought it in a shop on level 4 of the Depths)

   [ring of protection]

   AC:        It affects your AC (+8).
 I - the ring of Myohy (on tentacle) {*Corrode rPois rC+ rN++}
   (You found it on level 3 of the Lair of Beasts)

   [ring of poison resistance]

   rC:        It protects you from cold.
   rPois:     It protects you from poison.
   rN:        It greatly protects you from negative energy.
   *Corrode:  It may corrode you when you take damage.
 K - a +4 ring of protection (right tentacle)
 M - a +6 ring of intelligence (left tentacle)
 O - the ring of Ephemeral Luck (on tentacle) {Fire rElec Str-2 Int+3 Slay+3}
   (You found it in a wizard's laboratory)

   [ring of fire]

   It enhances your fire magic.
   Str:       It affects your strength (-2).
   Int:       It affects your intelligence (+3).
   Slay:      It affects your accuracy & damage with ranged weapons and melee
   (+3).
   rF:        It protects you from fire.
   rC:        It makes you vulnerable to cold.
   rElec:     It insulates you from electricity.
 P - the ring of the Hungering Hero {Fire rN+}
   (You took it off a deep elf pyromancer on level 3 of the Elven Halls)

   [ring of fire]

   It enhances your fire magic.
   rF:        It protects you from fire.
   rC:        It makes you vulnerable to cold.
   rN:        It protects you from negative energy.
 R - the amulet of Giracimo {RegenMP *Corrode rN+ Will+ Regen+}
   (You took it off an ironbound thunderhulk in a wizard's laboratory)

   [amulet of magic regeneration]

   It increases your rate of magic regeneration.
   rN:        It protects you from negative energy.
   Regen:     It increases your rate of health regeneration.
   *Corrode:  It may corrode you when you take damage.
   Will:      It increases your willpower.
 U - a ring of wizardry
 X - the amulet "Erchipucw" {RegenMP MP+9}
   (You found it on level 14 of a ziggurat)

   [amulet of magic regeneration]

   It increases your rate of magic regeneration.
   MP:        It affects your magic capacity (+9).
Wands
 s - a wand of digging (22)
 x - a wand of charming (25)
 C - a wand of iceblast (41)
 N - a wand of acid (33)
Scrolls
 f - 9 scrolls of holy word
 g - 29 scrolls of teleportation
 h - a scroll of summoning
 i - 7 scrolls of magic mapping
 m - 5 scrolls of silence
 o - 2 scrolls of amnesia
 q - 15 scrolls of fog
 v - 17 scrolls of enchant armour
 F - 2 scrolls of torment
 J - 8 scrolls of blinking
 Y - 11 scrolls of immolation
 Z - 14 scrolls of fear
Potions
 c - 6 potions of flight
 d - 9 potions of magic
 p - 4 potions of heal wounds
 r - 19 potions of curing
 w - 3 potions of haste
 E - 12 potions of mutation
 H - 11 potions of cancellation
 L - 9 potions of might
 Q - 9 potions of resistance
 W - 4 potions of lignification


   Skills:
 + Level 7.9 Fighting
 + Level 3.4 Short Blades
 + Level 4.2(4.5) Axes
 + Level 2.3(3.9) Maces & Flails
 + Level 2.1(2.6) Staves
 + Level 2.5 Throwing
 + Level 8.6 Dodging
 + Level 13.1 Stealth
 + Level 15.1 Shields
 + Level 22.2 Spellcasting
 * Level 25.2 Conjurations
 + Level 5.6 Hexes
 + Level 8.3 Summonings
 + Level 3.2 Necromancy
 + Level 10.1 Translocations
 * Level 23.4 Fire Magic
 + Level 7.4 Ice Magic
 + Level 5.0 Air Magic
 + Level 3.6 Earth Magic
 + Level 12.5 Invocations
 + Level 5.3 Evocations


You had 3 spell levels left.
You knew the following spells:

 Your Spells              Type           Power      Damage    Failure   Level
a - Foxfire               Conj/Fire      100%       2x1d9     1%          1
b - Conjure Flame         Conj/Fire      100%       6-21      1%          3
c - Inner Flame           Hex/Fire       100%       N/A       1%          3
d - Ignition              Fire           78%        3d20      1%          8
e - Scorch                Fire           100%       2d10      1%          2
f - Fire Storm            Conj/Fire      92%        8d23      8%          9
g - Iskenderun's Mystic   Conj/Tloc      100%       2d19      1%          4
h - Hailstorm             Conj/Ice       100%       3d20      1%          4
i - Fireball              Conj/Fire      92%        3d34      1%          5
j - Spellforged Servitor  Conj/Summ      70%        N/A       2%          7
k - Blink                 Tloc           100%       N/A       1%          2
l - Starburst             Conj/Fire      92%        6d23      1%          6
m - Iron Shot             Conj/Erth      66%        9d12      1%          6
n - Orb of Destruction    Conj           80%        9d18      1%          7

Your spell library contained the following spells:

 Spells                   Type           Power      Damage    Failure   Level
 Animate Skeleton         Necr           100%       N/A       1%          1
 Apportation              Tloc           100%       N/A       1%          1
 Freeze                   Ice            100%       1d11      1%          1
 Magic Dart               Conj           100%       1d8       1%          1
 Pain                     Necr           100%       1d9       1%          1
 Sandblast                Erth           100%       2d20      1%          1
 Shock                    Conj/Air       100%       1d9       1%          1
 Slow                     Hex            100%       N/A       1%          1
 Summon Small Mammal      Summ           100%       N/A       1%          1
 Call Imp                 Summ           90%        N/A       1%          2
 Corpse Rot               Necr/Air       100%       N/A       1%          2
 Ensorcelled Hibernation  Hex/Ice        100%       N/A       1%          2
 Passwall                 Tmut/Erth      50%        N/A       1%          2
 Poisonous Vapours        Pois/Air       100%       N/A       1%          2
 Searing Ray              Conj           100%       2d8       1%          2
 Static Discharge         Conj/Air       100%       N/A       1%          2
 Sublimation of Blood     Necr           68%        N/A       1%          2
 Call Canine Familiar     Summ           90%        N/A       1%          3
 Confusing Touch          Hex            79%        N/A       1%          3
 Dazzling Flash           Conj/Hex       100%       N/A       1%          3
 Frozen Ramparts          Ice            100%       1d12      1%          3
 Gell's Gravitas          Tloc           96%        N/A       1%          3
 Ignite Poison            Fire/Tmut/Pois 100%       N/A       1%          3
 Lesser Beckoning         Tloc           96%        N/A       1%          3
 Mephitic Cloud           Conj/Pois/Air  100%       N/A       1%          3
 Ozocubu's Armour         Ice            86%        N/A       1%          3
 Portal Projectile        Hex/Tloc       100%       N/A       1%          3
 Stone Arrow              Conj/Erth      100%       3d13      1%          3
 Summon Guardian Golem    Hex/Summ       85%        N/A       1%          3
 Swiftness                Air            77%        N/A       1%          3
 Teleport Other           Tloc           96%        N/A       1%          3
 Tukima's Dance           Hex            79%        N/A       1%          3
 Beastly Appendage        Tmut           98%        N/A       2%          1
 Sting                    Tmut/Pois      100%       1d8       2%          1
 Vampiric Draining        Necr           68%        2d10      2%          3
 Wereblood                Tmut           49%        N/A       3%          2
 Spider Form              Tmut/Pois      49%        N/A       5%          3
 Flame Wave               Conj/Fire      100%       2d17      1%          4
 Fulminant Prism          Conj/Hex       68%        3d28      1%          4
 Passage of Golubria      Tloc           96%        N/A       1%          4
 Sticky Flame             Conj/Fire      100%       2d11      1%          4
 Summon Ice Beast         Ice/Summ       88%        N/A       1%          4
 Summon Lightning Spire   Summ/Air       83%        N/A       1%          4
 Freezing Cloud           Conj/Ice/Air   63%        6-21      1%          5
 Irradiate                Conj/Tmut      64%        3d34      1%          5
 Iskenderun's Battlesphe  Conj           100%       2d15      1%          5
 Lightning Bolt           Conj/Air       67%        1d92      1%          5
 Manifold Assault         Tloc           96%        N/A       1%          5
 Summon Forest            Summ/Tloc      46%        N/A       1%          5
 Conjure Ball Lightning   Conj/Air       67%        3x3d25    1%          6
 Cause Fear               Hex            39%        N/A       2%          4
 Airstrike                Air            38%        N/A       3%          4
 Anguish                  Hex/Necr       37%        N/A       3%          4
 Leda's Liquefaction      Hex/Erth       37%        N/A       3%          4
 Metabolic Englaciation   Hex/Ice        41%        N/A       3%          5
 Summon Mana Viper        Hex/Summ       85%        N/A       3%          5
 Animate Dead             Necr           34%        N/A       4%          4
 Dispel Undead            Necr           68%        3d23      4%          4
 Ice Form                 Ice/Tmut       70%        N/A       4%          4
 Dispersal                Tloc           48%        N/A       4%          6
 Silence                  Hex/Air        39%        N/A       5%          5
 Petrify                  Tmut/Erth      60%        N/A       8%          4
 Summon Cactus Giant      Summ           45%        N/A       8%          6
 Lee's Rapid Deconstruct  Erth           35%        3d19*     9%          5
 Borgnjor's Vile Clutch   Necr/Erth      34%        N/A       10%         5
 Agony                    Necr           68%        N/A       11%         5
 Excruciating Wounds      Necr           34%        N/A       11%         5
 Olgreb's Toxic Radiance  Pois           49%        N/A       13%         4
 Simulacrum               Ice/Necr       39%        N/A       21%         6
 Lehudib's Crystal Spear  Conj/Erth      66%        10d15     21%         8
 Malign Gateway           Summ/Tloc      46%        N/A       22%         7
 Alistair's Intoxication  Tmut/Pois      32%        N/A       30%         5
 Blade Hands              Tmut           24%        N/A       30%         5
 Monstrous Menagerie      Summ           45%        N/A       30%         7
 Summon Hydra             Summ           45%        N/A       30%         7
 Death Channel            Necr           34%        N/A       41%         6
 Ozocubu's Refrigeration  Ice            43%        4d13      41%         7
 Statue Form              Tmut/Erth      40%        N/A       56%         6
 Haunt                    Necr/Summ      40%        N/A       58%         7
 Enfeeble                 Hex            39%        N/A       61%         7
 Disjunction              Tloc           48%        N/A       69%         8
 Eringya's Noxious Bog    Tmut/Pois      24%        N/A       80%         6
 Chain Lightning          Conj/Air       67%        3d90      87%         9
 Summon Horrible Things   Summ           45%        N/A       89%         8
 Storm Form               Tmut/Air       32%        N/A       95%         7
 Discord                  Hex            39%        N/A       99%         8
 Dragon Form              Tmut           24%        N/A       100%        7
 Borgnjor's Revivificati  Necr           34%        N/A       100%        8
 Infestation              Necr           34%        N/A       100%        8
 Maxwell's Capacitive Co  Air            38%        ∞         100%        8
 Necromutation            Tmut/Necr      29%        N/A       100%        8
 Death's Door             Necr           34%        N/A       100%        9
 Dragon's Call            Summ           45%        N/A       100%        9
 Shatter                  Erth           35%        3d28*     100%        9
 Animate Armour           Summ/Erth      Unusable   N/A       N/A         4

Dungeon Overview and Level Annotations

Branches:
Dungeon (15/15)            Temple (1/1) D:4            Lair (6/6) D:11
 Shoals (4/4) Lair:2        Snake (4/4) Lair:4        Slime (0/5) Lair:5
    Orc (2/2) D:11            Elf (3/3) Orc:2        Vaults (5/5) D:13
  Crypt (1/3) Vaults:2     Depths (4/4) D:15            Zot (0/5) Depths:4
 Bailey (visited)          WizLab (visited)         Gauntlet (visited)

Altars:
Ashenzari
Dithmenos
Okawaru
Sif Muna
Trog
Uskayaw
Vehumet
Wu Jian
Yredelemnul
Beogh
Jiyva

Shops:
D:5 ?   D:10 *   D:12 (   Orc:2 :[*(   Elf:1 ?   Elf:2 *   Shoals:2 (
Shoals:4 *   Snake:2 *   Snake:3 [*   Vaults:5 ???!!=?[!   Depths:2 *
Depths:4 =::

Portals:
Hell: Depths:1 Depths:2 Depths:3 Depths:4
Abyss: Snake:4 Depths:3
Pandemonium: Depths:2

Annotations:
Lair:2 2 transporters, Dabor's ghost, journeyman GnWn
Lair:5 3 runed translucent doors, MrShunz's ghost, journeyman DECj
Snake:4 2 transporters, Recuihi's ghost, adept MiBe


Innate Abilities, Weirdness & Mutations

You cannot wear most types of armour.
You are amphibious.
You can wear up to eight rings at the same time.
Your skin changes colour to match your surroundings (Stealth+).
Your rubbery body absorbs attacks. (AC +1, EV +1)
((You are camouflaged when in or above water. (Stealth+)))
You have tentacles for arms and can constrict up to eight enemies at once.
Your flesh is cold resistant. (rC+)
You are weak. (Str -2)


Message History

The great blast of fire engulfs Zecahynia!!!
Zecahynia partially resists.
Zecahynia is severely wounded.
Zecahynia is engulfed in blazing flames.
Zecahynia sneers, "Abandon hope, thou euchred tip-merry scut!"
Unknown command.
Casting: Fire Storm (dangerous; 8% risk of failure)
Confirm with . or Enter, or press ? or * to list all spells.
You can't see any susceptible monsters within range! (Use Z to cast anyway.)
Casting: Fire Storm (dangerous; 8% risk of failure)
Confirm with . or Enter, or press ? or * to list all spells.
You don't have enough magic to cast this spell.
You hear the wailing of the damned!
Casting: Fire Storm (dangerous; 8% risk of failure)
Confirm with . or Enter, or press ? or * to list all spells.
Aiming: Fire Storm (dangerous; 8% risk of failure)
Press: ? - help, Dir - move target You feel a strong surge of power!
A raging storm of fire appears!
The great blast of fire engulfs Ohemonow!!!!
You kill Ohemonow!
Sif Muna accepts your kill.
The great blast of fire engulfs Zecahynia!!!
Zecahynia partially resists.
Zecahynia is almost dead.
Something sneers, "Turn tail, thou foppish two-tin-hat death-token!"
Zecahynia is engulfed in blazing flames.
Unknown command.
Casting: Fire Storm (dangerous; 8% risk of failure)
Confirm with . or Enter, or press ? or * to list all spells.
You can't see any susceptible monsters within range! (Use Z to cast anyway.)
Casting: Fire Storm (dangerous; 8% risk of failure)
Confirm with . or Enter, or press ? or * to list all spells.
Casting: Hailstorm (safe; 1% risk of failure)
Press: ? - help, Dir - look around, f - activate You feel a surge of power!
A cannonade of hail descends around you!
The hail pelts Zecahynia!
Zecahynia is almost dead.
Zecahynia attacks as you move away! Zecahynia splashes you!!!
You die...

▓▓▓▓.▓▓▓▓▓▓
▓........○.○▓▓
.........°.°°.▓▓
..v.......°○°...▓▓
..........vv○....▓▓
≈...†....v○.°vv...▓▓
≈v..&†......≈8§....▓▓
≈..Dv....vv.§≈≈.&...▓
4..&2...........@...▓▓
.§...................▓
.&uD...p.............▓
&u.☼.○○..............▓
t..○○...v............▓▓
☼.☼.2.°............∩..▓
°○&○°..v.............▓▓
.°☼.....v............▓
°°...................▓


You could see Zecahynia and 7 friendly fire vortices.

Vanquished Creatures
  4 dread liches
  Mennas (Vaults:3)
  2 ancient liches (Zig:14)
  3 juggernauts
  Mara (Vaults:4)
  7 royal mummies
  Margery (Vaults:4)
  A Killer Klown (Zig:18)
  Saint Roka (Snake:4)
  4 caustic shrikes
  Nikola (Depths:2)
  5 golden dragons
  A bone dragon (Zig:12)
  A Tzitzimitl (Zig:9)
  An electric golem (WizLab)
  Rupert (Orc:2)
  4 tentacled monstrosities (Vaults:5)
  4 hellephants
  An Ice Fiend (Zig:9)
  A Hell Sentinel (Zig:4)
  Jorgrun (Snake:3)
  3 liches
  A quicksilver dragon (shapeshifter) (Zig:18)
  A searing wretch (Zig:2)
  8 titans (Vaults:5)
  6 deep elf blademasters
  Asterion (Depths:2)
  4 pandemonium lords
  A kraken (Shoals:2)
  4 deep elf master archers
  Gastronok (Lair:1)
  Kirke (Snake:4)
  2 tentacled starspawn (Zig:12)
  8 sphinxes
  Agnes (D:14)
  Donald (Vaults:3)
  A storm dragon (Vaults:5)
  6 shadow dragons
  5 tengu reavers
  2 draconian knights (Zig:11)
  6 draconian monks
  8 fire giants
  3 nagarajas (Snake:4)
  A daeva (Zig:12)
  19 vault wardens
  4 orc warlords
  7 deep elf sorcerers (Elf:3)
  11 frost giants
  3 draconian stormcallers (Zig:11)
  A juggernaut zombie (Zig:16)
  A draconian scorcher (Zig:11)
  A draconian shifter (Zig:12)
  2 iron dragons
  The ghost of Zigma the Martial Artist, a journeyman OpTm of Cheibriados (Lair:6)
  2 angels (Depths:1)
  2 balrugs
  5 deep elf elementalists (Elf:3)
  A draconian annihilator (Depths:4)
  A demonspawn blood saint (Zig:9)
  7 war gargoyles
  19 stone giants
  A caustic shrike skeleton (Zig:17)
  25 ironbound preservers
  20 very ugly things
  17 ironbound thunderhulks
  A reaper (Zig:9)
  4 vampire knights
  A green draconian (Depths:4)
  A lorocyproca (Zig:9)
  2 bennus (Zig:16)
  2 demonspawn black suns (Zig:9)
  A yellow draconian (Depths:4)
  19 dire elephants
  A minotaur (Gauntlet)
  3 entropy weavers
  5 black draconians
  3 white draconians
  11 deep elf annihilators
  11 deep elf demonologists
  A bunyip (Zig:6)
  8 ettins
  A minotaur (shapeshifter) (Vaults:5)
  4 deep elf death magi
  A spark wasp (Depths:2)
  A blizzard demon (Zig:3)
  4 merfolk javelineers
  14 mummy priests
  2 crystal guardians (WizLab)
  8 merfolk impalers
  3 jiangshi (Depths:2)
  5 fire dragons
  A fire dragon (shapeshifter) (Depths:2)
  11 deep elf high priests
  Josephine (Lair:5)
  A spriggan zombie (Zig:17)
  40 vault guards
  4 boulder beetles
  16 yaktaur captains
  4 salamander tyrants
  16 naga warriors
  7 ice dragons
  4 great orbs of eyes
  Harold (Lair:1)
  5 ogre magi
  17 hydras
  2 rakshasas
  6 ironbound frosthearts
  The ghost of Cymafa the Convoker, a journeyman FeSu of Sif Muna (Snake:1)
  3 spriggan air magi
  9 peacekeepers
  4 merfolk avatars
  15 centaur warriors
  A hydra (shapeshifter) (Depths:1)
  4 catoblepae
  3 merfolk aquamancers
  8 anacondas
  11 two-headed ogres
  5 death scarabs
  7 deep troll shamans
  8 satyrs
  The ghost of Tutankhamun the Blocker, a journeyman DsCK of Xom (D:11)
  4 death yaks (Lair:6)
  26 dancing weapons
  2 vampire magi
  7 tengu warriors
  5 deep troll earth magi
  A thrashing horror (Zig:12)
  2 shock serpents (shapeshifter)
  10 naga sharpshooters
  11 shock serpents
  3 orc high priests
  5 spriggan berserkers
  8 hell hogs (Depths:1)
  11 hell knights
  Nergalle (Lair:2)
  3 spriggans
  A soul eater (Crypt:1)
  4 iron trolls
  26 deep elf knights
  A storm dragon zombie (Zig:16)
  A pharaoh ant (Zig:5)
  An iron troll (shapeshifter) (Zig:18)
  A titan skeleton (Depths:2)
  9 skeletal warriors
  6 salamander mystics
  2 goliath frogs (Zig:6)
  A spark wasp zombie (Depths:2)
  2 spriggan druids
  3 swamp dragons (Zig:6)
  2 flayed ghosts
  59 deep trolls
  A tengu zombie (Depths:2)
  A glowing orange brain (shapeshifter) (Zig:18)
  A death drake (Zig:12)
  3 phantasmal warriors
  8 naga ritualists
  7 sea snakes
  3 obsidian statues (Zig:12)
  25 deep elf archers
  5 wizards
  20 ironbound convokers
  A lindwurm (shapeshifter) (Zig:14)
  36 deep elf zephyrmancers
  An iron dragon zombie (Depths:2)
  A golden dragon skeleton (Zig:17)
  9 harpies
  14 orc knights
  4 lindwurms
  A shadow dragon zombie (Zig:16)
  33 deep elf pyromancers
  A tengu skeleton (Zig:16)
  14 mana vipers
  6 necromancers
  3 orc sorcerers
  A fire giant zombie (Depths:2)
  17 fauns
  11 salamanders
  A sphinx zombie (Zig:16)
  35 ugly things
  21 cyclopes
  3 moths of wrath
  19 elephants
  A will-o-the-wisp (Zig:6)
  2 worldbinders (Zig:12)
  12 manticores
  A moth of wrath (shapeshifter) (Vaults:2)
  8 merfolk sirens
  18 naga magi
  An elephant (shapeshifter) (Zig:14)
  6 guardian serpents
  An eye of devastation (Lair:5)
  An apocalypse crab (Zig:12)
  A titan simulacrum (Depths:2)
  Maurice (Orc:2)
  47 black mambas
  18 vault sentinels
  4 torpor snails
  6 water nymphs
  An ice statue (Zig:12)
  A stone giant skeleton (Depths:2)
  A molten gargoyle (WizLab)
  8 gargoyles (WizLab)
  17 cane toads
  2 unseen horrors
  2 hellions
  17 komodo dragons
  22 yaktaurs
  3 freezing wraiths
  A hellwing (Zig:9)
  An efreet (Zig:12)
  15 rime drakes
  4 tengu conjurers
  A queen bee (shapeshifter) (Elf:1)
  3 ancient zymes (Zig:12)
  20 guardian mummies
  2 wind drakes (Shoals:3)
  7 trolls
  A wolf spider simulacrum (D:14)
  A merfolk (shapeshifter) (Vaults:5)
  35 merfolk
  6 meliai
  A wind drake (shapeshifter) (Zig:14)
  Grinder (D:4)
  A slime creature (shapeshifter) (Vaults:5)
  A queen bee (D:11)
  5 polar bears
  4 hornets
  4 dream sheep (Shoals:3)
  28 slime creatures
  A raiju (Gauntlet)
  A snapping turtle (shapeshifter) (Zig:18)
  16 blink frogs
  A centaur simulacrum (D:14)
  A fire giant simulacrum (Depths:2)
  7 snapping turtles
  Sigmund (D:4)
  4 air elementals
  A spriggan (shapeshifter) (Vaults:5)
  12 flying skulls
  4 wraiths
  6 ushabtiu
  4 shadows
  2 culicivoras (Zig:5)
  A vampire (D:11)
  50 yaks
  16 water elementals
  8 wyverns
  4 hogs (Snake:4)
  10 humans (D:13)
  3 small abominations (Zig:12)
  13 basilisks
  3 large abominations (Zig:12)
  2 redbacks (shapeshifter)
  8 fire elementals
  8 redbacks
  4 vampire mosquitoes (D:11)
  2 neqoxecs (Zig:12)
  2 steam dragons
  50 nagas
  Edmund (D:4)
  A harpy simulacrum (D:15)
  5 acid dragons
  A swamp worm (shapeshifter) (Depths:2)
  12 wargs
  15 water moccasins
  2 floating eyes
  8 sky beasts
  2 sky beasts (shapeshifter) (Vaults:5)
  An ice beast (D:5)
  46 orc warriors
  2 black bears
  A boggart (shapeshifter) (Depths:2)
  17 ogres
  15 wolves
  8 centaurs
  3 kobold brigands
  2 phantoms
  4 scorpions
  6 bullfrogs
  8 earth elementals
  3 gnoll sergeants
  A necrophage (D:7)
  34 killer bees
  2 spriggan skeletons
  10 electric eels
  3 howler monkeys
  4 jellies
  5 hounds
  3 gnoll shamans
  15 orc priests
  Ijyb (D:3)
  12 human skeletons (Vaults:1)
  6 iguanas
  15 orc wizards
  4 lightning spires
  6 hell rats (Lair:5)
  28 mummies
  Robin (D:2)
  8 adders
  29 gnolls
  A shadow imp (D:7)
  2 white imps
  An ufetubus (D:5)
  3 dart slugs
  73 orcs
  4 endoplasms
  7 giant cockroaches
  17 goblins
  16 hobgoblins
  5 jackals
  A quokka (D:2)
  3 training dummies (Shoals:2)
  7 ball pythons
  10 bats
  4 frilled lizards
  26 kobolds
  3 rats (D:1)
  A butterfly (Lair:3)
  A fire vortex (Zig:12)
  A foxfire (Elf:3)
  A starspawn tentacle (Zig:12)
2254 creatures vanquished.

Vanquished Creatures (collateral kills)
  A juggernaut (Zig:7)
  A royal mummy (Zig:17)
  A fire giant (Depths:2)
  A frost giant (Depths:1)
  A quicksilver elemental (Zig:4)
  A draconian scorcher (Zig:11)
  A vault warden (Vaults:5)
  An orc warlord (Zig:7)
  A stone giant (Vaults:5)
  A dancing weapon (Elf:2)
  2 hell knights (Vaults:4)
  2 deep elf knights (Elf:2)
  A deep troll (Depths:1)
  4 deep elf zephyrmancers
  A black mamba (Zig:10)
  A demonic crawler (Zig:3)
  A water moccasin (Zig:10)
  An ogre (Elf:3)
  11 mummies (Zig:17)
  32 foxfires
66 creatures vanquished.

Vanquished Creatures (others)
  A very ugly thing (Zig:18)
  A centaur warrior (Vaults:4)
  A two-headed ogre (shapeshifter) (Zig:18)
  A deep elf knight (Elf:2)
  A deep elf zephyrmancer (Elf:3)
  A bush (Lair:4)
  125 fire vortices
  1952 foxfires
  74 fungi
  303 plants
  3 starspawn tentacles (Zig:12)
  7 tentacles (Shoals:2)
2470 creatures vanquished.

Grand Total: 4790 creatures vanquished

Notes
Turn   | Place    | Note
-------+----------+-------------------------------------------
     0 | D:1      | Conn the Octopode Fire Elementalist began the quest for the
                  | Orb.
     0 | D:1      | Reached XP level 1. HP: 11/11 MP: 3/3
   278 | D:1      | Reached XP level 2. HP: 17/17 MP: 5/5
   614 | D:1      | Found a faded altar of an unknown god.
   781 | D:1      | Learned a level 2 spell: Scorch
   896 | D:2      | Reached XP level 3. HP: 21/21 MP: 1/6
   932 | D:2      | Noticed Robin
   941 | D:2      | Killed Robin
  1282 | D:2      | Reached XP level 4. HP: 27/27 MP: 0/8
  1493 | D:2      | Reached skill level 2 in Conjurations
  1744 | D:3      | Learned a level 3 spell: Conjure Flame
  1942 | D:3      | Reached XP level 5. HP: 29/31 MP: 0/9
  2569 | D:3      | Noticed Ijyb
  2574 | D:3      | Killed Ijyb
  2861 | D:4      | Found a bloodstained altar of Trog.
  2896 | D:4      | Reached skill level 3 in Conjurations
  2972 | D:4      | Found a shadowy altar of Dithmenos.
  3052 | D:4      | Reached XP level 6. HP: 36/36 MP: 5/10
  3200 | D:4      | Noticed Edmund
  3218 | D:4      | Killed Edmund
  3429 | D:4      | Reached skill level 1 in Throwing
  3435 | D:4      | Reached XP level 7. HP: 38/41 MP: 0/12
  3589 | D:4      | Found a broken altar of Ashenzari.
  3657 | D:4      | Noticed Sigmund
  3662 | D:4      | Killed Sigmund
  3663 | D:4      | Reached skill level 5 in Stealth
  3675 | D:4      | Learned a level 3 spell: Inner Flame
  3680 | D:4      | Learned a level 4 spell: Flame Wave
  3682 | D:4      | Learned a level 1 spell: Freeze
  3713 | D:4      | Found a staircase to the Ecumenical Temple.
  3727 | Temple   | Entered the Ecumenical Temple
  3761 | Temple   | Became a worshipper of Sif Muna the Loreminder
  3886 | D:4      | Reached skill level 5 in Fire Magic
  3950 | D:4      | Reached skill level 4 in Conjurations
  4235 | D:4      | Noticed Grinder
  4244 | D:4      | Killed Grinder
  4245 | D:4      | Reached XP level 8. HP: 46/46 MP: 2/15
  4616 | D:5      | Entered Level 5 of the Dungeon
  4636 | D:5      | Found Hodid's Magic Scroll Boutique.
  4636 | D:5      | Found the ring of Shadows {Umbra +Inv Stlth+}
  4652 | D:5      | Reached skill level 5 in Spellcasting
  4657 | D:5      | Noticed a shadow
  4904 | D:5      | Reached skill level 5 in Conjurations
  5165 | D:5      | Reached skill level 1 in Invocations
  5189 | D:5      | Reached skill level 1 in Maces & Flails
  5189 | D:5      | Reached XP level 9. HP: 52/52 MP: 6/17
  5207 | D:5      | Reached * piety under Sif Muna
  5771 | D:5      | Learned a level 4 spell: Iskenderun's Mystic Blast
  6130 | D:6      | Identified the amulet "Vijajigg" {Will+ Regen+}
  6349 | D:6      | Identified the +3 falchion of Dissolution {pain, Fly rElec
                  | rN+ Stlth-}
  7054 | D:7      | Found a flagged portal.
  7071 | Bailey   | Entered a bailey
  7175 | Bailey   | Reached ** piety under Sif Muna
  7330 | Bailey   | Noticed an orc warlord
  7366 | Bailey   | Found a runed translucent gate.
  7367 | Bailey   | Found a runed translucent gate.
  7582 | Bailey   | Found a runed translucent gate.
  7941 | Bailey   | Killed an orc warlord
  7942 | Bailey   | Reached skill level 6 in Conjurations
  7942 | Bailey   | Reached XP level 10. HP: 57/57 MP: 7/20
  8045 | Bailey   | Acquired 504 gold pieces
  8047 | Bailey   | Acquired the +0 kite shield of Abstinence {rElec rF+ rN+
                  | Dex-2}
  8787 | D:8      | Reached skill level 1 in Hexes
  8791 | D:8      | HP: 1/57 [orc warrior/+0 halberd (21)]
  8944 | D:8      | Reached skill level 1 in Translocations
  8948 | D:8      | Reached *** piety under Sif Muna
  9172 | D:8      | Reached skill level 1 in Shields
  9991 | D:9      | Noticed a deep elf pyromancer
  9997 | D:9      | Killed a deep elf pyromancer
 10258 | D:9      | Reached XP level 11. HP: 59/62 MP: 17/22
 10404 | D:9      | Reached skill level 5 in Invocations
 10774 | D:8      | Reached **** piety under Sif Muna
 11476 | D:10     | Entered Level 10 of the Dungeon
 11698 | D:10     | Noticed a centaur warrior
 11702 | D:10     | Killed a centaur warrior
 11703 | D:10     | Reached skill level 1 in Short Blades
 11703 | D:10     | Reached skill level 10 in Fire Magic
 11831 | D:10     | Noticed a two-headed ogre
 12128 | D:10     | Found Kabimod's General Store.
 12134 | D:10     | Bought the +7 great mace "Firestarter" {inner flame, rF++}
                  | for 996 gold pieces
 12134 | D:10     | Found the +7 great mace "Firestarter" {inner flame, rF++}
 12337 | D:10     | Found a portal to a secret trove of treasure.
 12365 | D:10     | Killed a two-headed ogre
 12366 | D:10     | Reached skill level 1 in Fighting
 12366 | D:10     | Reached skill level 7 in Conjurations
 12691 | D:11     | Identified the amulet of Leaves {Acrobat Rampage rF+ Dex+2}
 12758 | D:11     | Noticed an ettin
 12775 | D:11     | Noticed a cyclops
 12825 | D:11     | Found a staircase to the Lair.
 12830 | D:11     | Reached skill level 5 in Translocations
 12903 | D:12     | Noticed a boulder beetle
 12924 | D:12     | Noticed a manticore
 12939 | D:12     | Noticed a two-headed ogre
 12955 | D:12     | Killed a manticore
 12956 | D:12     | Killed a two-headed ogre
 12956 | D:12     | Killed a boulder beetle
 12957 | D:12     | Reached skill level 1 in Evocations
 12957 | D:12     | Reached XP level 12. HP: 22/68 MP: 13/24
 13000 | D:12     | Gained mutation: You are weak. (Str -2) [potion of
                  | mutation]
 13000 | D:12     | Gained mutation: Your flesh is cold resistant. (rC+)
                  | [potion of mutation]
 13060 | D:12     | Reached ***** piety under Sif Muna
 13094 | D:12     | Found Wiobe's Weapon Shoppe.
 13332 | D:11     | Received a gift from Sif Muna
 13333 | D:11     | Got Sif Muna's Compendium of Sinister Dislocation {god
                  | gift}
 13513 | D:11     | Found a transporter.
 13514 | D:11     | Noticed a two-headed ogre
 13516 | D:11     | Found a transporter.
 13526 | D:11     | Learned a level 4 spell: Hailstorm
 13616 | D:11     | Reached skill level 10 in Stealth
 13775 | D:11     | Noticed Tutankhamun's ghost (journeyman DsCK)
 13785 | D:11     | Noticed a five-headed hydra
 14036 | D:11     | Killed a five-headed hydra
 14037 | D:11     | Reached skill level 8 in Conjurations
 14037 | D:11     | Reached skill level 1 in Ice Magic
 14207 | D:11     | Found a staircase to the Orcish Mines.
 14285 | D:11     | Noticed a two-headed ogre
 14289 | D:11     | Noticed an ogre mage
 14428 | D:10     | Learned a level 6 spell: Starburst
 14429 | D:11     | Noticed a two-headed ogre
 14436 | D:11     | Killed a two-headed ogre
 14650 | D:11     | Killed a two-headed ogre
 14750 | D:11     | Killed an ogre mage
 14931 | D:11     | Reached skill level 5 in Shields
 14931 | D:11     | Reached XP level 13. HP: 31/73 MP: 8/26
 15504 | D:11     | Noticed a fire giant
 15705 | D:11     | Killed an ettin
 16212 | D:11     | Killed a fire giant
 16213 | D:11     | Reached skill level 10 in Spellcasting
 16403 | D:11     | Identified the +6 broad axe "Killer Bee's Foe" {vamp, rCorr
                  | Int+3}
 16408 | D:11     | Identified the +1 hand crossbow of Dypnozin {elec, rElec}
 16444 | D:11     | Got the Collected Works on Harmful Stones
 16450 | D:11     | Learned a level 4 spell: Sticky Flame
 16616 | Lair:1   | Entered Level 1 of the Lair of Beasts
 16977 | Lair:1   | Noticed Harold
 16987 | Lair:1   | Killed Harold
 17161 | Lair:1   | Noticed Gastronok
 17168 | Lair:1   | Killed Gastronok
 17169 | Lair:1   | Reached skill level 9 in Conjurations
 17630 | Lair:1   | Received a gift from Sif Muna
 17633 | Lair:1   | Got Sif Muna's Incunabulum of the Flamy Rocks {god gift}
 18332 | Lair:2   | Noticed Nergalle
 18339 | Lair:2   | Killed Nergalle
 18519 | Lair:2   | Found a transporter.
 18522 | Lair:2   | Found a transporter.
 18522 | Lair:2   | Noticed Dabor's ghost (journeyman GnWn)
 18830 | Lair:1   | Learned a level 5 spell: Fireball
 19330 | Lair:2   | Found a staircase to the Shoals.
 19349 | Lair:2   | Reached skill level 5 in Ice Magic
 19782 | Lair:2   | Reached XP level 14. HP: 81/81 MP: 22/28
 20103 | Lair:3   | Identified the ring of Myohy {*Corrode rPois rC+ rN++}
 20605 | Lair:3   | Reached skill level 1 in Axes
 21055 | Lair:3   | Learned a level 3 spell: Stone Arrow
 21745 | Lair:4   | Found a staircase to the Snake Pit.
 21891 | Lair:4   | Reached skill level 10 in Conjurations
 23043 | Lair:5   | Noticed Josephine
 23050 | Lair:5   | Killed Josephine
 23405 | Lair:5   | Found a runed translucent gate.
 23406 | Lair:5   | Found a runed translucent gate.
 23407 | Lair:5   | Found a runed translucent gate.
 23407 | Lair:5   | Noticed an acid blob
 23466 | Lair:5   | Found a staircase to the Slime Pits.
 24560 | Lair:5   | Noticed an azure jelly
 24560 | Lair:5   | Noticed an azure jelly
 24560 | Lair:5   | Noticed an azure jelly
 24561 | Lair:5   | Noticed MrShunz's ghost (journeyman DECj)
 24561 | Lair:5   | Noticed an acid blob
 24565 | Lair:5   | Noticed an azure jelly
 24566 | Lair:5   | Noticed a quicksilver ooze
 24566 | Lair:5   | Noticed a rockslime
 24571 | Lair:5   | Noticed an acid blob
 24573 | Lair:5   | Noticed an acid blob
 24576 | Lair:5   | Noticed an azure jelly
 24576 | Lair:5   | Found a viscous altar of Jiyva.
 24766 | Lair:5   | Identified the +4 war axe of Triumph {vorpal, rElec MP+9
                  | Int+2}
 25335 | Lair:6   | Entered Level 6 of the Lair of Beasts
 25821 | Lair:6   | Reached XP level 15. HP: 33/88 MP: 12/30
 25829 | Lair:6   | HP: 3/88 [elephant (16)]
 27859 | Lair:6   | Found a runed translucent door.
 27860 | Lair:6   | Noticed Zigma's ghost (journeyman OpTm)
 27892 | Lair:6   | Killed Zigma's ghost
 27893 | Lair:6   | Reached skill level 11 in Conjurations
 27897 | Lair:6   | Identified the ring "Giraikky" {rF+ Dex+3}
 28466 | Orc:1    | Entered Level 1 of the Orcish Mines
 28992 | Orc:2    | Entered Level 2 of the Orcish Mines
 29053 | Orc:2    | Reached skill level 5 in Evocations
 29234 | Orc:2    | Noticed an orc warlord
 29520 | Orc:1    | Killed an orc warlord
 29789 | Orc:2    | Received a gift from Sif Muna
 29791 | Orc:2    | Got Sif Muna's Tome of Aerial Curses {god gift}
 29792 | Orc:2    | Found a staircase to the Elven Halls.
 30182 | Orc:2    | Noticed Rupert
 30195 | Orc:2    | Killed Rupert
 30355 | Orc:2    | Found Bucweh's Book Shoppe.
 30426 | Orc:2    | Noticed Maurice
 30431 | Orc:2    | Killed Maurice
 30604 | Orc:2    | Found Tiad Ysa's Antique Armour Shoppe.
 30627 | Orc:2    | Found Bastuoti's General Store.
 30760 | Orc:2    | Bought a scroll of immolation for 38 gold pieces
 31264 | Orc:2    | Found Eqeiwn's Antique Weapon Shop.
 31471 | Elf:1    | Entered Level 1 of the Elven Halls
 32022 | Elf:1    | Reached XP level 16. HP: 95/95 MP: 25/32
 32089 | Elf:1    | Got the Almanac of the Escort
 32420 | Elf:1    | Reached skill level 12 in Conjurations
 33176 | Elf:1    | Found Qaesec's Magic Scroll Shoppe.
 33179 | Elf:1    | Bought a scroll of blinking for 135 gold pieces
 33179 | Elf:1    | Bought a scroll of blinking for 135 gold pieces
 33179 | Elf:1    | Bought a scroll of fear for 63 gold pieces
 33179 | Elf:1    | Bought a scroll of immolation for 63 gold pieces
 33822 | Elf:2    | Learned a level 6 spell: Starburst
 33850 | Elf:2    | Found Ofoefuo's Assorted Antiques.
 34131 | Elf:2    | Paralysed by an air elemental for 1 turns
 34387 | Elf:2    | Found a runed translucent gate.
 34387 | Elf:2    | Found a runed translucent gate.
 34387 | Elf:2    | Found a runed translucent gate.
 34511 | Elf:2    | Received a gift from Sif Muna
 34512 | Elf:2    | Got Sif Muna's Almanac of Destructive Snow {god gift}
 34535 | Elf:2    | Bought an encrusted golden ring for 185 gold pieces
 35105 | Elf:2    | Reached skill level 13 in Conjurations
 35478 | Elf:2    | Reached XP level 17. HP: 101/101 MP: 25/34
 35706 | Elf:2    | Noticed a deep elf blademaster
 35806 | Elf:2    | Killed a deep elf blademaster
 36073 | Elf:3    | Entered Level 3 of the Elven Halls
 36774 | Elf:3    | Reached skill level 14 in Conjurations
 36872 | Elf:3    | Noticed a Hell Sentinel
 37700 | Elf:3    | Noticed a deep elf blademaster
 37711 | Elf:3    | Killed a deep elf blademaster
 37829 | Elf:3    | Noticed a deep elf master archer
 37858 | Elf:3    | Killed a deep elf master archer
 37936 | Elf:3    | Identified the +5 demon whip of the Ghosts {elec, SInv}
 37941 | Elf:3    | Noticed a deep elf blademaster
 37955 | Elf:3    | Noticed an Ice Fiend
 37972 | Elf:3    | Killed a deep elf blademaster
 38022 | Elf:3    | Identified the amulet "Tiklufodd" {Reflect rF++ SH+5}
 38180 | Elf:3    | Acquired 745 gold pieces
 38464 | Elf:3    | Learned a level 4 spell: Summon Ice Beast
 38533 | Elf:3    | Reached XP level 18. HP: 95/107 MP: 32/36
 38533 | Elf:3    | Identified the ring of the Hungering Hero {Fire rN+}
 38542 | Elf:3    | Identified the +10 long sword of the Moon {vorpal, Str+3}
 38542 | Elf:3    | Identified the +2 leather armour of Vanity {rCorr Str-4
                  | Int+5 SInv}
 38801 | Elf:3    | Reached skill level 1 in Summonings
 39012 | Elf:3    | Noticed a deep elf master archer
 39020 | Elf:3    | Killed a deep elf master archer
 39560 | Elf:3    | Reached skill level 1 in Earth Magic
 39569 | Elf:3    | Got the Almanac of Unstable Flight
 39571 | Elf:3    | Got the Volume of the Mutagenic Volcanoes
 39905 | Snake:1  | Entered Level 1 of the Snake Pit
 40204 | Snake:1  | Reached skill level 5 in Dodging
 40519 | Snake:1  | Reached skill level 15 in Conjurations
 40878 | Snake:1  | Noticed Cymafa's ghost (journeyman FeSu)
 40887 | Snake:1  | Found a transporter.
 40900 | Snake:1  | Killed Cymafa's ghost
 40902 | Snake:1  | Found a transporter.
 40902 | Snake:1  | Identified the +4 hat of Bivvoomi {rF+}
 41073 | Snake:1  | Reached skill level 15 in Fire Magic
 42150 | Snake:2  | Got Haboesch's Papyrus of Displacement and Heat
 42454 | Snake:2  | Found Uqyc's General Store.
 42511 | Snake:2  | You fall into a shaft and drop 1 floor!
 42593 | Snake:3  | Found Tamneu's Specialty Armours.
 42744 | Snake:3  | Reached skill level 15 in Spellcasting
 43195 | Snake:3  | Found Lurphiy's General Store.
 43243 | Snake:3  | Bought a potion of curing for 48 gold pieces
 43243 | Snake:3  | Bought a wand of iceblast (5) for 144 gold pieces
 43243 | Snake:3  | Bought a scroll of teleportation for 48 gold pieces
 43243 | Snake:3  | Bought a potion of curing for 48 gold pieces
 43300 | Snake:3  | Noticed Jorgrun
 43305 | Snake:3  | Killed Jorgrun
 44463 | Snake:4  | Entered Level 4 of the Snake Pit
 44463 | Snake:4  | Noticed Recuihi's ghost (adept MiBe)
 44463 | Snake:4  | Found a one-way gate to the infinite horrors of the Abyss.
 45178 | Snake:2  | Reached skill level 5 in Summonings
 45454 | Snake:2  | Reached XP level 19. HP: 112/112 MP: 26/38
 45673 | Snake:4  | Noticed Saint Roka
 45673 | Snake:4  | Received a gift from Sif Muna
 46076 | Snake:4  | Killed Saint Roka
 46328 | Snake:4  | Got Sif Muna's Volume of Harmful Beguiling {god gift}
 46350 | Snake:4  | Found a transporter.
 46404 | Snake:4  | Noticed a Hell Sentinel
 46415 | Snake:4  | Found a transporter.
 46460 | Snake:4  | Reached skill level 5 in Hexes
 46980 | Snake:4  | Noticed Kirke
 46986 | Snake:4  | Killed Kirke
 47195 | Snake:4  | Reached skill level 10 in Invocations
 47212 | Snake:4  | Received a gift from Sif Muna
 47222 | Snake:4  | Got Sif Muna's Guide on Orientation {god gift}
 48729 | Snake:4  | Got a serpentine rune of Zot
 49143 | Shoals:1 | Entered Level 1 of the Shoals
 51475 | Shoals:2 | Found Quuriogi's Firing Range.
 51887 | Shoals:3 | Reached skill level 5 in Fighting
 52283 | Shoals:3 | Reached XP level 20. HP: 119/119 MP: 34/40
 53680 | Shoals:4 | Entered Level 4 of the Shoals
 53854 | Shoals:4 | Upgraded the game from 0.29-a0-323-g050149af67 to
                  | 0.29-a0-334-gb41bcbb86e
 53961 | Shoals:4 | Learned a level 7 spell: Orb of Destruction
 54075 | Shoals:4 | Received a gift from Sif Muna
 54076 | Shoals:4 | Reached skill level 16 in Conjurations
 54078 | Shoals:4 | Got Wiataonu's Catalogue of Harmful Weightlessness {god
                  | gift}
 54204 | Shoals:4 | Acquired 686 gold pieces
 54969 | Shoals:4 | Found Potwui's Practical Paraphernalia.
 54980 | Shoals:4 | Bought a +4 ring of protection for 576 gold pieces
 55248 | Shoals:4 | Got a barnacled rune of Zot
 55613 | D:11     | Killed Tutankhamun's ghost
 57581 | D:13     | Found a gate to the Vaults.
 57649 | D:13     | Identified the +7 glaive "Death Rattle" {vorpal, Fly rC+++
                  | Int+6 Stlth-}
 58277 | D:14     | Noticed Agnes
 58454 | D:14     | Killed Agnes
 58765 | D:14     | Identified the +5 trident "Taosuice" {vorpal, Drain rN++}
 59074 | D:15     | Entered Level 15 of the Dungeon
 59156 | D:15     | Found a gate leading to a gauntlet.
 59165 | Gauntlet | Entered a Gauntlet
 59165 | Gauntlet | Found a transporter.
 59176 | Gauntlet | Found a transporter.
 59189 | Gauntlet | Found a transporter.
 59196 | Gauntlet | Found a transporter.
 59211 | Gauntlet | Found a transporter.
 59231 | Gauntlet | Found a transporter.
 59243 | Gauntlet | Found a transporter.
 59265 | Gauntlet | Found a transporter.
 59277 | Gauntlet | Found a transporter.
 59289 | Gauntlet | Found a transporter.
 59306 | Gauntlet | Found a transporter.
 59324 | Gauntlet | Found a transporter.
 59326 | Gauntlet | Found a transporter.
 59359 | Gauntlet | Found a transporter.
 59361 | Gauntlet | Found a transporter.
 59363 | Gauntlet | Found a transporter.
 59388 | Gauntlet | Found a transporter.
 59390 | Gauntlet | Found a transporter.
 59425 | Gauntlet | Got Heiw's Handbook of Changing and Confrontation
 59736 | Gauntlet | Identified the +10 whip of Dissolution {holy, rPois rN+
                  | Str-3}
 60665 | D:15     | Found a staircase to the Depths.
 61246 | Vaults:1 | Entered Level 1 of the Vaults
 61263 | Vaults:1 | Reached XP level 21. HP: 96/124 MP: 11/42
 61413 | Vaults:1 | Received a gift from Sif Muna
 61414 | Vaults:1 | Got Cublu's Almanac of Evil Arts and Companions {god gift}
 61748 | Vaults:1 | Reached skill level 17 in Conjurations
 63274 | Vaults:2 | Reached skill level 1 in Staves
 63537 | Vaults:2 | Received a gift from Sif Muna
 63538 | Vaults:2 | Got Sif Muna's Papyrus of Creation {god gift}
 63569 | Vaults:2 | Found a magical portal.
 63578 | WizLab   | Entered Maxwell's Workshop
 63890 | WizLab   | Found the +2 Maxwell's thermic engine {flame, freeze}
 64319 | WizLab   | Identified the amulet of Giracimo {RegenMP *Corrode rN+
                  | Will+ Regen+}
 64490 | WizLab   | Reached skill level 10 in Shields
 65376 | WizLab   | Found the +7 Spriggan's Knife {stab, EV+4 Stlth+}
 65533 | WizLab   | Identified the ring "Qimou" {Ice Str-5 Dex+4}
 65534 | WizLab   | Identified the ring of Ephemeral Luck {Fire rElec Str-2
                  | Int+3 Slay+3}
 65540 | WizLab   | Identified the ring "Kumaf" {Ice Will- Dex+7}
 67183 | Vaults:2 | Reached skill level 18 in Conjurations
 67192 | Vaults:2 | Paralysed by a vampire knight for 2 turns
 67220 | Vaults:2 | Reached XP level 22. HP: 118/132 MP: 4/44
 67378 | Vaults:2 | Found a staircase to the Crypt.
 68319 | Vaults:3 | Noticed Mennas
 68520 | Vaults:4 | Upgraded the game from 0.29-a0-334-gb41bcbb86e to
                  | 0.29-a0-337-g68df138881
 69097 | Vaults:4 | Acquired a ring of wizardry
 69141 | Vaults:4 | Learned a level 8 spell: Ignition
 69149 | Vaults:4 | Learned a level 7 spell: Spellforged Servitor
 69776 | Vaults:3 | Killed Mennas
 71576 | Vaults:3 | Noticed Donald
 71585 | Vaults:3 | Killed Donald
 71738 | Vaults:4 | Noticed Margery
 71872 | Vaults:4 | Killed Margery
 71885 | Vaults:4 | Reached skill level 19 in Conjurations
 72443 | Vaults:4 | Received a gift from Sif Muna
 72444 | Vaults:4 | Got Inluja's Compendium of Hurtful Feathers {god gift}
 72451 | Vaults:4 | Noticed Mara
 72458 | Vaults:4 | Noticed Conn's illusion
 72464 | Vaults:4 | Killed Mara
 72672 | Vaults:4 | Reached XP level 23. HP: 138/138 MP: 22/45
 73892 | Vaults:4 | Learned a level 6 spell: Iron Shot
 73972 | Vaults:5 | Entered Level 5 of the Vaults
 74637 | Vaults:5 | Noticed a golden dragon
 74879 | Vaults:5 | Received a gift from Sif Muna
 75240 | Vaults:5 | Killed a golden dragon
 75600 | Vaults:5 | Reached skill level 20 in Conjurations
 75912 | Vaults:5 | Paralysed by a sphinx for 2 turns
 77015 | Vaults:5 | Reached XP level 24. HP: 144/144 MP: 31/46
 77346 | Vaults:5 | Found Cughud's Antique Armour Shoppe.
 77481 | Vaults:5 | Found Wuphakho's Distillery.
 77485 | Vaults:5 | Bought a potion of curing for 48 gold pieces
 77600 | Vaults:5 | Found Uniukaur's Magic Scroll Shoppe.
 77605 | Vaults:5 | Bought a scroll of teleportation for 60 gold pieces
 77605 | Vaults:5 | Bought a scroll of fear for 70 gold pieces
 77726 | Vaults:5 | Found Kelomiy's Distillery.
 77726 | Vaults:5 | Found Joopry's Distillery.
 77731 | Vaults:5 | Bought 2 potions of resistance for 280 gold pieces
 77731 | Vaults:5 | Bought a potion of heal wounds for 70 gold pieces
 77731 | Vaults:5 | Bought 2 potions of magic for 224 gold pieces
 77737 | Vaults:5 | Found Juecuqy's Magic Scroll Emporium.
 77738 | Vaults:5 | Bought 2 potions of curing for 90 gold pieces
 77738 | Vaults:5 | Bought a potion of magic for 120 gold pieces
 77745 | Vaults:5 | Bought a scroll of acquirement for 988 gold pieces
 77745 | Vaults:5 | Bought a scroll of fear for 66 gold pieces
 77745 | Vaults:5 | Bought a scroll of teleportation for 57 gold pieces
 77747 | Vaults:5 | Acquired 930 gold pieces
 77767 | Vaults:5 | Found Ekku's Magic Scroll Shop.
 77777 | Vaults:5 | Found Vuitrus's Magic Scroll Boutique.
 77785 | Vaults:5 | Bought a scroll of blinking for 112 gold pieces
 77785 | Vaults:5 | Bought a scroll of teleportation for 45 gold pieces
 77818 | Vaults:5 | Received a gift from Sif Muna
 77819 | Vaults:5 | Got Sif Muna's Collected Works on Calling and Dislocation
                  | {god gift}
 78178 | Vaults:5 | Got a silver rune of Zot
 78208 | Vaults:5 | Noticed a dread lich
 78221 | Vaults:5 | Killed a dread lich
 78416 | Vaults:5 | Found Baes's Jewellery Shoppe.
 79313 | D:10     | You paid a toll of a +5 demon blade to enter a treasure
                  | trove
 79314 | Trove    | Entered a treasure trove
 79326 | Trove    | Got Sif Muna's Guide on Shifting Displacement
 79342 | Trove    | Got the Guide on the Dark Rocks
 79347 | Trove    | Got Vatraergh's Disquisition on Evil Lightness
 79355 | Trove    | Got Sif Muna's Thorough Guide to Spellweaving
 79745 | Depths:1 | Entered Level 1 of the Depths
 79753 | Depths:1 | Found a one-way gateway to a ziggurat.
 80304 | Depths:1 | Found a radiant altar of Vehumet.
 81009 | Depths:1 | Found a gateway to Hell.
 81318 | Depths:2 | Found Berohen's Assorted Antiques.
 81335 | Depths:2 | Bought a crystal spear for 264 gold pieces
 81335 | Depths:2 | Identified the +1 spear "Usur" {vorpal, *Slow Fly rElec}
                  | (You bought it in a shop on level 2 of the Depths)
 81335 | Depths:2 | Bought a potion of heal wounds for 165 gold pieces
 81376 | Depths:2 | Found a one-way gate leading to the halls of Pandemonium.
 81731 | Depths:2 | Reached skill level 21 in Conjurations
 82439 | Depths:2 | Found a shadowy altar of Dithmenos.
 82944 | Depths:2 | Noticed Nikola
 82954 | Depths:2 | Killed Nikola
 82974 | Depths:2 | Noticed Asterion
 82981 | Depths:2 | Killed Asterion
 83757 | Depths:2 | Found a basalt altar of Yredelemnul.
 84206 | Depths:3 | Identified the +4 dagger "Kecvarid" {flame, rF++ Str-3
                  | Dex+4}
 84334 | Depths:3 | Received a gift from Sif Muna
 84748 | Depths:3 | Reached XP level 25. HP: 151/151 MP: 24/47
 85005 | Depths:3 | Learned a level 9 spell: Fire Storm
 85005 | Depths:3 | Found the macabre finger necklace {rN+}
 85859 | Depths:4 | Entered Level 4 of the Depths
 85902 | Depths:4 | Found a broken altar of Ashenzari.
 86430 | Depths:4 | Noticed a juggernaut
 86449 | Depths:4 | Killed a juggernaut
 87001 | Depths:4 | Found Oteckut's Book Shoppe.
 87002 | Depths:4 | Found Muic's Jewellery Boutique.
 87003 | Depths:4 | Found Wolease's Book Shoppe.
 87011 | Depths:4 | Bought the ring of the Tortoise {AC+8} for 1280 gold pieces
 87011 | Depths:4 | Found the ring of the Tortoise {AC+8}
 87057 | Depths:4 | Found a gate to the Realm of Zot.
 88419 | Crypt:1  | Entered Level 1 of the Crypt
 88473 | Crypt:1  | Reached skill level 22 in Conjurations
 88499 | Crypt:1  | Paralysed by a vampire knight for 6 turns
 89366 | Zig:1    | Entered Level 1 of a ziggurat
 89488 | Zig:2    | Entered Level 2 of a ziggurat
 89490 | Zig:2    | Received a gift from Sif Muna
 89495 | Zig:2    | Got Yrugrall's Handbook of Calling and Stolen Souls {god
                  | gift}
 89574 | Zig:3    | Entered Level 3 of a ziggurat
 89574 | Zig:3    | Noticed Wonaf the pandemonium lord
 89578 | Zig:3    | Killed Wonaf the pandemonium lord
 89592 | Zig:4    | Entered Level 4 of a ziggurat
 89837 | Zig:5    | Entered Level 5 of a ziggurat
 89991 | Zig:5    | Reached XP level 26. HP: 159/159 MP: 48/48
 90007 | Zig:6    | Entered Level 6 of a ziggurat
 90094 | Zig:7    | Entered Level 7 of a ziggurat
 90099 | Zig:7    | Noticed a juggernaut
 90099 | Zig:7    | Noticed a juggernaut
 90100 | Zig:7    | Noticed a juggernaut
 90111 | Zig:7    | Killed a juggernaut
 90113 | Zig:7    | Killed a juggernaut
 90116 | Zig:7    | Killed a juggernaut
 90145 | Zig:7    | Identified the +4 shortbow of the Grave {venom, rCorr}
 90248 | Zig:8    | Entered Level 8 of a ziggurat
 90281 | Zig:8    | Identified the +4 morningstar of Dithmenos, Leaping {flame,
                  | rElec rC- Int+4}
 90314 | Zig:9    | Entered Level 9 of a ziggurat
 90318 | Zig:9    | Noticed Laraog the pandemonium lord
 90322 | Zig:9    | Killed Laraog the pandemonium lord
 90326 | Zig:9    | Received a gift from Sif Muna
 90462 | Zig:9    | Identified the +11 battleaxe "Moap" {vorpal, rN+++ Str-2
                  | Dex+3 Stlth+}
 90464 | Zig:9    | Identified the +6 halberd of Woicricw {vorpal, rF- rN+
                  | Int+7}
 90480 | Zig:10   | Entered Level 10 of a ziggurat
 90498 | Zig:10   | Reached XP level 27. HP: 163/163 MP: 1/48
 90508 | Zig:10   | Identified the +9 hand crossbow "Voqoesk" {freeze, rN+
                  | Will- Dex+2}
 90516 | Zig:10   | Identified the +8 scimitar of Esasapot {vorpal, rC+ Str+2
                  | Dex+4}
 90520 | Zig:10   | Identified the +3 chain mail of Sif Muna {rF+}
 90650 | Zig:11   | Entered Level 11 of a ziggurat
 90684 | Zig:11   | Identified the +11 scythe of Disorder {spect, rC+}
 90687 | Zig:11   | Reached skill level 5 in Air Magic
 90853 | Zig:12   | Entered Level 12 of a ziggurat
 90963 | Zig:12   | Received a gift from Sif Muna
 90964 | Zig:12   | Got Plog's Tome of Igneous Black Rites {god gift}
 91165 | Zig:12   | Identified the +7 fustibalus "Icur Pue" {venom, Will+ Str-3
                  | Dex+4}
 91172 | Zig:12   | Identified the +4 war axe "Miqu" {flame, Contam rN++ SInv
                  | Stlth+}
 91176 | Zig:12   | Identified the +3 kite shield "Tyggaupoba" {+Blink rElec
                  | Will- Regen+}
 91239 | Zig:13   | Entered Level 13 of a ziggurat
 91272 | Zig:13   | Identified the +1 hunting sling of Usuduqy {venom, Str+2
                  | Int+6}
 91290 | Zig:13   | Identified the +7 falchion "Meimeah" {venom, Dex+2}
 91366 | Zig:14   | Entered Level 14 of a ziggurat
 91377 | Zig:14   | Noticed an ancient lich
 91377 | Zig:14   | Noticed a dread lich
 91378 | Zig:14   | Noticed an ancient lich
 91381 | Zig:14   | Killed an ancient lich
 91381 | Zig:14   | Killed a dread lich
 91382 | Zig:14   | Reached skill level 23 in Conjurations
 91382 | Zig:14   | Killed an ancient lich
 91384 | Zig:14   | Noticed a dread lich
 91394 | Zig:14   | Killed a dread lich
 91717 | Zig:14   | Identified the amulet "Erchipucw" {RegenMP MP+9}
 91732 | Zig:14   | Got the Compendium of the Catfish
 91773 | Zig:15   | Entered Level 15 of a ziggurat
 91793 | Zig:15   | Received a gift from Sif Muna
 91995 | Zig:15   | Acquired a manual of Translocations
 92000 | Zig:15   | Learned a level 2 spell: Blink
 92008 | Zig:15   | Identified the ring of Tender Moments {EV+4 Int+7}
 92023 | Zig:15   | Identified the ring "Cetiycra" {rF+ rC++ AC+4}
 92129 | Zig:16   | Entered Level 16 of a ziggurat
 92140 | Zig:16   | Noticed a royal mummy
 92140 | Zig:16   | Noticed a royal mummy
 92142 | Zig:16   | Noticed a royal mummy
 92153 | Zig:16   | Killed a royal mummy
 92153 | Zig:16   | Killed a royal mummy
 92154 | Zig:16   | Reached skill level 24 in Conjurations
 92154 | Zig:16   | Killed a royal mummy
 92565 | Zig:17   | Entered Level 17 of a ziggurat
 92573 | Zig:17   | Noticed a royal mummy
 92578 | Zig:17   | Killed a royal mummy
 92587 | Zig:17   | Reached skill level 15 in Shields
 92597 | Zig:17   | Killed a dread lich
 92597 | Zig:17   | Killed a royal mummy
 92598 | Zig:17   | Reached skill level 10 in Translocations
 92599 | Zig:17   | Noticed a royal mummy
 92603 | Zig:17   | Killed a royal mummy
 92603 | Zig:17   | Received a gift from Sif Muna
 92603 | Zig:17   | Noticed a royal mummy
 92604 | Zig:17   | Got Sif Muna's Compendium of Creative Dark Arts {god gift}
 92605 | Zig:17   | Noticed a royal mummy
 92606 | Zig:17   | Killed a royal mummy
 92610 | Zig:17   | Killed a royal mummy
 93034 | Zig:17   | Identified the +0 cloak "Itzeups" {Dex+4}
 93038 | Zig:17   | Identified the +7 long sword of Law {flame, rElec rC+}
 93057 | Zig:17   | Identified the +9 triple sword of Mecufaob {vorpal, rF+ rC-
                  | MP+9 Int+9}
 93076 | Zig:18   | Entered Level 18 of a ziggurat
 93089 | Zig:18   | Noticed Zidghohi the pandemonium lord
 93091 | Zig:18   | Noticed Zecahynia the pandemonium lord
 93092 | Zig:18   | Reached skill level 25 in Conjurations
 93093 | Zig:18   | Noticed Sediwee the pandemonium lord
 93094 | Zig:18   | Killed Zidghohi the pandemonium lord
 93094 | Zig:18   | Noticed Nideetwa the pandemonium lord
 93095 | Zig:18   | Noticed Ohemonow the pandemonium lord
 93096 | Zig:18   | Noticed Emoe the pandemonium lord
 93097 | Zig:18   | Paralysed by a floating eye for 3 turns
 93108 | Zig:18   | Killed Ohemonow the pandemonium lord
 93110 | Zig:18   | Slain by Zecahynia the pandemonium lord

Illustrated notes

Levels and vault maps discovered:
D:1:      dpeg_arrival_shelter, layout_loops_ring, basic_ecumenical_altar
D:2:      cheibrodos_old_hovel, layout_basic, uniq_robin
D:3:      layout_basic, minivault_14, corexii_item_surrounded_by_moat, uniq_ijyb
D:4:      layout_layer_cave, mainiacjoe_overflow_catch_the_wave,
          nicolae_overflow_hidden_temple, minmay_temple_entry_grid,
          uniq_grinder, uniq_sigmund, uniq_edmund
D:5:      layout_rooms, serial_shops, shop, lightli_minifort
D:6:      minmay_evil_eye, layout_loops_ring, kennysheep_generic_room_14
D:7:      layout_loops_ring, enter_bailey_7, kennysheep_generic_room_13
D:8:      layout_loops_ring
D:9:      layout_basic
D:10:     layout_long_grid, nicolae_trove_entry_isolated, serial_shops,
          nicolae_shop_waterfront, minmay_fractal_squares_diagonal_5
D:11:     giant_chief_lemuel, layout_loops_corners, erik_lair_orcish_takeover,
          orc_0_dummy, gammafunk_ghost_arena, special_room [special_room_bee]
D:12:     layout_basic, serial_shops, shop
D:13:     layout_loops_ring, ximxim_vaults_locker_room
D:14:     layout_cross, small_statue_alley_a, uniq_agnes
D:15:     grunt_enter_depths_snipers, layout_basic, gauntlet_entry_generic,
          portal_ice_cave_entry_pillars_four, dreamdust_looks_like_rain
Temple:   mainiacjoe_temple_bowtie_tessellation
Lair:1:   layout_gridlike, st_stairs_5, minivault_27, ldierk_geyser,
          serial_bayou_crossing, uniq_harold, uniq_gastronok
Lair:2:   layout_hall_layers, elwin_shoals_entry_stream, gammafunk_ghost_arena,
          uniq_nergalle
Lair:3:   layout_chaotic_city, serial_bayou_shore_b, lemuel_fruit_fields
Lair:4:   statuecave_lemuel, layout_cave_pods, guppyfry_snake_entry_island,
          minmay_hedge_maze, minmay_holes, grunt_megastairs_5
Lair:5:   layout_misc_corridors, minmay_slime_entry_eyes, gammafunk_ghost_ooze,
          special_room [special_room_mythical_zoo], uniq_josephine
Lair:6:   grunt_lair_end_beastmaster, layout_regular_city,
          ebering_ghost_inner_flame, grunt_megastairs_4, lemuel_fruit_fields
Shoals:1: layout_shoals
Shoals:2: layout_shoals, nicolae_shop_firing_range
Shoals:3: layout_shoals, nicolae_shoals_water_booths
Shoals:4: shoals_end_grunt_garden, layout_shoals, nicolae_alphabet_shops,
          nicolae_shoals_shepherds
Snake:1:  layout_chambers, gammafunk_ghost_berserking_beasts
Snake:2:  layout_misc_corridors, serial_shops, nicolae_square_shop,
          nicolae_snake_linked_coils, serial_bayou_shore_a, grunt_megastairs_3
Snake:3:  layout_grid_maze, nicolae_barding_shop, serial_bayou_shore_b,
          minmay_shop_star, uniq_jorgrun
Snake:4:  johnstein_snake_rune_scales, layout_rooms,
          gammafunk_ghost_abyssal_escape, nicolae_snake_gridmaze_squiggle,
          uniq_saint_roka, uniq_kirke
Orc:1:    layout_caves, basic_altar
Orc:2:    grunt_orc_gardens, layout_caves, grunt_orc_garden, grunt_orc_garden,
          grunt_orc_garden, grunt_orc_garden, mines_bat_river, uniq_rupert,
          uniq_maurice
Elf:1:    layout_loops_corners, serial_shops, shop, minmay_elf_demonology,
          grunt_megastairs_2
Elf:2:    nicolae_elf_blades_splatter_lattice [grunt_blade_entry_basic],
          layout_geoelf_grid, serial_shops, nicolae_shop_waterfront
Elf:3:    minmay_elf_hall_curves, layout_geoelf_grid
Vaults:1: vaults_room_large_hall, hangedman_vaults_stretched_pinwheel,
          vaults_mumra_hexcomb, dpeg_vaults_monster_row, v_misc_1,
          nicolae_vaults_alarming, ontoclasm_vaults_twist,
          vaults_room_door_hall, vaults_room_grid, ontoclasm_vaults_gallery,
          v_misc_3, layout_vaults_ring
Vaults:2: mu_enter_wizlab_6, v_misc_26, vaults_room_glass_cross,
          nicolae_vaults_what_the_h, hangedman_vaults_river_flow,
          minmay_crypt_entry_simple_sparse, hangedman_vaults_nails,
          hangedman_vaults_stitches, nicolae_vaults_shelves_hall,
          hangedman_vaults_cutoff, vaults_dpeg_doors, ontoclasm_vaults_fault,
          vaults_dpeg_encased_lava, ontoclasm_vaults_decontamination,
          ontoclasm_vaults_misaligned, nicolae_vaults_little_squares_6,
          layout_vaults_omnibox
Vaults:3: nicolae_vaults_angled_halls, grunt_vaults_diagonal, st_spiral_rooms,
          v_misc_30, grunt_vaults_bifocal, nicolae_vaults_shelves_hall,
          v_misc_3, ontoclasm_vaults_ligature, nicolae_vaults_hallways_thing,
          v_misc_5, ontoclasm_vaults_idyll, v_rooms_4, v_misc_1,
          layout_vaults_maze, uniq_donald, uniq_mennas
Vaults:4: v_pattern_4, grunt_vaults_trifunnel, nicolae_vaults_little_squares_5,
          grunt_vaults_hallway_long, v_misc_3, vaults_room_grid,
          layout_vaults_omnigrid, uniq_mara, uniq_margery
Vaults:5: serial_shops
Crypt:1:  layout_basic, nicolae_crypt_niches, grunt_crypt_arrival_split,
          roderic_lattice_octagonal_star
Depths:1: layout_cave_shapes, enter_ziggurat_f, grunt_hell_horde,
          nicolae_twisting_strands, minmay_misc_feat_plants,
          nicolae_vehumet_altar_sigil
Depths:2: hangedman_cross_cluster, layout_basic, grunt_pan_entry_spiral,
          hell_entry, serial_shops, shop, yredelemnul_altar_generic,
          uniq_nikola, uniq_asterion
Depths:3: minmay_curly_fans, layout_cave_pools, abyss_entry_glasseish,
          grunt_hell_entry_dis_grunt, minmay_misc_feat_pillars,
          serial_co_window_serial, co_window_cross_1, co_window_paths_b,
          co_window_paths_a, co_window_corner_a, co_window_corner_a,
          co_window_cross_1, co_window_corner_a, co_window_paths_a,
          co_window_paths_a, co_window_broadway_b, co_window_cross_2,
          co_window_2corner, co_window_corner_cb, glass_columns_a
Depths:4: grunt_zot_entry_pinwheel, layout_basic, nicolae_ashenzari_skybound,
          hell_entry, serial_bayou_shore_b, minmay_shop_grove
Zig:18

Skill      XL: |  1  2  3  4  5  6  7  8  9 10 11 12 13 14 15 16 17 18 19 20 21 22 23 24 25 26 27 |
---------------+----------------------------------------------------------------------------------+-----
Stealth        | 3 4 5 6 8 9 10 11 12 13 | 13.1
Conjurations   | 2 3 4 5 6 7 8 9 10 11 13 14 15 16 18 19 20 21 22 25 | 25.2
Spellcasting   | 3 4 5 6 7 8 9 10 11 12 13 14 15 16 17 18 19 20 21 22 | 22.2
Fire Magic     | 4 5 7 9 10 11 12 13 14 15 16 17 18 19 20 21 23 | 23.4
Throwing       | 1 2 |  2.5
Invocations    | 1 4 6 7 8 9 10 11 12 | 12.5
Maces & Flails | 1 2 |  2.3
Hexes          | 1 2 3 4 5 |  5.6
Translocations | 3 5 6 7 8 9 10 | 10.1
Shields        | 1 3 5 6 7 8 9 10 15 | 15.1
Short Blades   | 1 2 3 |  3.4
Fighting       | 1 2 3 4 5 6 7 |  7.9
Evocations     | 1 3 5 |  5.3
Ice Magic      | 3 5 6 7 |  7.4
Dodging        | 3 4 5 6 7 8 |  8.6
Axes           | 1 2 3 4 |  4.2
Summonings     | 5 6 8 |  8.3
Earth Magic    | 1 2 3 |  3.6
Staves         | 1 2 |  2.1
Necromancy     | 3 |  3.2
Air Magic      | 5 |  5.0

Action                   |  1- 3 |  4- 6 |  7- 9 | 10-12 | 13-15 | 16-18 | 19-21 | 22-24 | 25-27 || total
-------------------------+-------+-------+-------+-------+-------+-------+-------+-------+-------++-------
Melee: Dagger            |    24 |    13 |    17 |    41 |     3 |    19 |   112 |    39 |     2 ||   270
       Constrict         |     6 |     7 |     8 |     5 |    25 |    14 |    35 |    20 |     7 ||   127
       Tentacles         |     6 |     5 |    11 |     6 |    58 |    37 |    96 |    46 |     6 ||   271
       Flail             |       |     7 |    18 |       |       |       |       |       |       ||    25
       Great mace        |       |       |       |     3 |    24 |       |       |       |       ||    27
       Broad axe         |       |       |       |       |    60 |       |       |       |       ||    60
       Punch             |       |       |       |       |     1 |     4 |     7 |     1 |     1 ||    14
       War axe           |       |       |       |       |    87 |    59 |       |       |       ||   146
       Staff             |       |       |       |       |       |    40 |   114 |    63 |    20 ||   237
Throw: Dart              |     2 |     2 |     1 |     7 |       |       |       |    17 |     2 ||    31
       Throwing net      |       |       |       |       |     4 |       |       |       |       ||     4
       Boomerang         |       |       |       |       |       |       |     4 |     3 |       ||     7
 Cast: Foxfire           |    43 |    69 |   135 |   165 |   444 |    58 |   142 |    58 |     6 ||  1120
       Scorch            |       |     9 |    49 |    94 |   168 |    56 |    73 |    42 |     5 ||   496
       Conjure Flame     |       |     2 |     4 |    13 |    12 |     8 |     2 |       |       ||    41
       Inner Flame       |       |       |    11 |    42 |    83 |    42 |    49 |     1 |       ||   228
       Flame Wave        |       |       |     7 |    14 |    26 |    24 |    15 |       |       ||    86
       Iskenderun's Myst |       |       |       |    23 |    70 |   109 |   115 |   133 |    70 ||   520
       Hailstorm         |       |       |       |     1 |    22 |    36 |    37 |    26 |     1 ||   123
       Fireball          |       |       |       |       |    94 |   182 |   293 |   109 |    27 ||   705
       Freeze            |       |       |       |       |     1 |       |       |       |       ||     1
       Sticky Flame      |       |       |       |       |     2 |     4 |       |       |       ||     6
       Stone Arrow       |       |       |       |       |     1 |    28 |    18 |     3 |       ||    50
       Starburst         |       |       |       |       |       |    50 |    35 |    47 |     5 ||   137
       Summon Horrible T |       |       |       |       |       |     1 |       |       |       ||     1
       Summon Ice Beast  |       |       |       |       |       |     3 |     4 |     1 |       ||     8
       Ignition          |       |       |       |       |       |     1 |       |    19 |     6 ||    26
       Orb of Destructio |       |       |       |       |       |       |   104 |   191 |    36 ||   331
       Spellforged Servi |       |       |       |       |       |       |       |     6 |     1 ||     7
       Iron Shot         |       |       |       |       |       |       |       |    19 |    40 ||    59
       Fire Storm        |       |       |       |       |       |       |       |       |    56 ||    56
       Blink             |       |       |       |       |       |       |       |       |     1 ||     1
Invok: Channel Magic     |       |       |       |     4 |     9 |    12 |    20 |    15 |    13 ||    73
       Forget Spell      |       |       |       |       |     1 |       |       |       |       ||     1
       Divine Exegesis   |       |       |       |       |       |     2 |       |       |       ||     2
Evoke: Wand              |       |     3 |     1 |     6 |    18 |     5 |     3 |     6 |     4 ||    46
  Use: Scroll            |       |     2 |     4 |    25 |     7 |     5 |     8 |    13 |    11 ||    75
       Potion            |       |       |     1 |     9 |    13 |     6 |     6 |     4 |    10 ||    49
 Stab: Sleeping          |     8 |     4 |     3 |    18 |    13 |    14 |    26 |    16 |     2 ||   104
       Distracted        |       |       |       |       |     1 |       |       |       |       ||     1
Armor: Skin              |       |     3 |     6 |     3 |    35 |    12 |    28 |    23 |    87 ||   197
Dodge: Dodged            |    15 |    14 |    46 |    70 |   241 |   169 |   200 |   112 |    45 ||   912
Block: Buckler           |       |       |       |    36 |     7 |       |       |       |       ||    43
       Kite shield       |       |       |       |       |   132 |   134 |   231 |   136 |    77 ||   710
       Reflection        |       |       |       |       |       |     9 |    42 |    35 |     4 ||    90

Table legend: (Time is in decaauts)
 A = Elapsed time spent in this place.
 B = Non-inter-level travel time spent in this place.
 C = Inter-level travel time spent in this place.
 D = Time resting spent in this place.
 E = Time spent auto-exploring this place.
 F = Levels seen in this place.
 G = Mean time per level.
                   A        B        C        D        E       F      G
               +--------+--------+--------+--------+--------+-----+--------+
         Total |  93379 |  89290 |   4089 |  10709 |  59301 |  67 | 1393.7 |
       Dungeon |  21994 |  20278 |   1716 |   1973 |  13473 |  15 | 1466.3 |
        Temple |     59 |     34 |     25 |      0 |     26 |   1 |   59.0 |
          Lair |  12242 |  11596 |    646 |    944 |   8380 |   6 | 2040.3 |
        Shoals |   6341 |   6156 |    185 |    463 |   4733 |   4 | 1585.2 |
     Snake Pit |   9147 |   8945 |    202 |    674 |   6746 |   4 | 2286.8 |
  Orcish Mines |   3121 |   3027 |     94 |    271 |   1850 |   2 | 1560.5 |
   Elven Halls |   8499 |   7965 |    534 |   1001 |   4957 |   3 | 2833.0 |
        Vaults |  16048 |  15476 |    572 |   2530 |  10010 |   5 | 3209.6 |
         Crypt |     85 |     85 |      0 |      0 |     25 |   1 |   85.0 |
        Depths |   8136 |   8027 |    109 |    491 |   6208 |   4 | 2034.0 |
      Ziggurat |   3797 |   3797 |      0 |   1317 |   1306 |  18 |  210.9 |
         Trove |     82 |     82 |      0 |      0 |      4 |   1 |   82.0 |
        Bailey |    984 |    984 |      0 |    240 |    410 |   1 |  984.0 |
        Wizlab |   2114 |   2114 |      0 |    667 |   1009 |   1 | 2114.0 |
      Gauntlet |    723 |    723 |      0 |    137 |    164 |   1 |  723.0 |
               +--------+--------+--------+--------+--------+-----+--------+

Top non-repeatable levels by time:
Vaults:4: 4698 daAuts
   Elf:3: 3491 daAuts
    D:11: 3470 daAuts
Vaults:5: 3234 daAuts
  Lair:5: 2972 daAuts
Vaults:3: 2921 daAuts
 Snake:4: 2801 daAuts
Vaults:1: 2616 daAuts
Vaults:2: 2576 daAuts
   Elf:2: 2567 daAuts
 Snake:3: 2516 daAuts
   Elf:1: 2440 daAuts
  Lair:1: 2432 daAuts
Depths:4: 2262 daAuts
 Snake:1: 2247 daAuts
